 Dungeon Crawl Stone Soup version 0.23.2-40-g277498a001 (webtiles) character file.

Game seed: 16607753816248433267

699585 DarthUnicorn the Imperceptible (level 27, -24/152 (153) HPs)
             Began as a Spriggan Enchanter on Aug 1, 2019.
             Was the Champion of Okawaru.
             Killed from afar by Higgiuli the pandemonium lord (35 damage)
             ... with a great blast of fire
             ... in Pandemonium on Sept 10, 2019.
             The game lasted 12:07:08 (63849 turns).

DarthUnicorn the Imperceptible (SpEn)              Turns: 63849, Time: 12:07:09

HP:   -24/152 (153) AC: 15    Str: 10    XL:     27
MP:   39/55         EV: 44    Int: 24    God:    Okawaru [******]
Gold: 8697          SH: 12    Dex: 31    Spells: 1/72 levels left

rFire    + + .     SeeInvis +   k - +9 quick blade (elec)
rCold    . . .     Gourm    .   H - +2 buckler {rPois}
rNeg     + + +     Faith    .   m - +2 robe of Rinodd {rElec rN+++ Int+2 Slay-3}
rPois    +         Spirit   .   n - +1 hat of the Iron City of Dis {rCorr MP+9}
rElec    +         Reflect  .   T - +2 cloak of the Raven {+Fly rF++}
rCorr    +         Harm     .   (gloves unavailable)
MR       ++++.     Clarity  +   (boots unavailable)
Stlth    ++++++++++             O - amulet "Qaixzyav" {RegenMP Dex+4 Stlth+}
HPRegen  0.35/turn              i - +4 ring of protection
MPRegen  0.59/turn              c - ring "Ofipsuqe" {rElec rN+ Int+4 Dex+3}

@: deflect missiles, very quick
A: very small, unfitting armour, antennae 1, slimy green scales 1, see
invisible, agile 1, clarity, herbivore, speed 3, low mp 1, electricity
resistance, slow metabolism 2
}: 5/15 runes: serpentine, barnacled, slimy, silver, abyssal
a: Heroism, Finesse, Renounce Religion, Evoke Flight


You were in Pandemonium.
You worshipped Okawaru.
Okawaru was exalted by your worship.
You were not hungry.

You visited 11 branches of the dungeon, and saw 53 of its levels.
You visited Pandemonium 1 time, and saw 1 of its levels.
You visited the Abyss 2 times.
You visited 1 bazaar.
You also visited: Trove, Bailey, Gauntlet, Ice Cave, Volcano and Wizlab.

You collected 11887 gold pieces.
You spent 3190 gold pieces at shops.

Inventory:

Hand Weapons
 k - a +9 quick blade of electrocution (weapon)
 B - a +5 quick blade of electrocution
 P - the +8 rapier of the Warrior-Mage {vamp, rF++ rC++ Str+4 Int+2}
   (You bought it in a shop on level 6 of the Dungeon)

   It inflicts no extra harm, but heals its wielder when it wounds a living foe.
   It affects your strength (+4).
   It affects your intelligence (+2).
   It greatly protects you from fire.
   It greatly protects you from cold.
Missiles
 f - 3 throwing nets (quivered)
Armour
 a - the +1 hat of Nemelex Xobeh's Whim {rC+}
   (You acquired it on level 3 of the Snake Pit)

   It protects you from cold.
 j - the +1 cloak "Poq Xauw" {rF+ Str+6 Int-5}
   (Okawaru gifted it to you on level 3 of the Crypt)

   It affects your strength (+6).
   It affects your intelligence (-5).
   It protects you from fire.
 m - the +2 robe of Rinodd (worn) {rElec rN+++ Int+2 Slay-3}
   (Okawaru gifted it to you on level 2 of the Vaults)

   It affects your intelligence (+2).
   It affects your accuracy and damage with ranged weapons and melee attacks
   (-3).
   It insulates you from electricity.
   It renders you almost immune to negative energy.
 n - the +1 hat of the Iron City of Dis (worn) {rCorr MP+9}
   (You acquired it on level 3 of the Snake Pit)

   It affects your magic capacity (+9).
   It provides partial protection from all sources of acid and corrosion.
 G - the +14 shadow dragon scales "Heett" {*Slow rElec Regen+ Stlth++++}
   (Okawaru gifted it to you on level 5 of the Depths)

   It insulates you from electricity.
   It increases your rate of regeneration.
   It may slow you when you take damage.
   It makes you much more stealthy.
 H - a +2 buckler of poison resistance (worn)
 T - the +2 cloak of the Raven (worn) {+Fly rF++}
   (You bought it in a shop on level 4 of the Vaults)

   It greatly protects you from fire.
   It lets you fly.
Jewellery
 c - the ring "Ofipsuqe" (right hand) {rElec rN+ Int+4 Dex+3}
   (You found it in a treasure trove)

   [ring of dexterity]

   It affects your intelligence (+4).
   It affects your dexterity (+3).
   It insulates you from electricity.
   It protects you from negative energy.
 e - the ring "Casufube" {Ice MR+ Int+4 Stlth+}
   (You took it off a deep elf annihilator on level 3 of the Elven Halls)

   [ring of ice]

   It enhances your ice magic.
   It affects your intelligence (+4).
   It makes you vulnerable to fire.
   It protects you from cold.
   It affects your resistance to hostile enchantments.
   It makes you more stealthy.
 i - a +4 ring of protection (left hand)
 C - the ring "Marud" {rF+ rN+ Int+2 Dex-5}
   (You took it off a yaktaur captain on level 5 of the Vaults)

   [ring of positive energy]

   It affects your intelligence (+2).
   It affects your dexterity (-5).
   It protects you from fire.
   It protects you from negative energy.
 O - the amulet "Qaixzyav" (around neck) {RegenMP Dex+4 Stlth+}
   (You found it on level 1 of the Crypt)

   [amulet of magic regeneration]

   It increases your magic regeneration.
   It affects your dexterity (+4).
   It makes you more stealthy.
 W - the ring of the Invisible Hand {-Tele +Fly rPois rC+++ Dex-4}
   (You found it on level 3 of the Depths)

   [ring of flight]

   It affects your dexterity (-4).
   It renders you almost immune to cold.
   It protects you from poison.
   It lets you fly.
   It prevents most forms of teleportation.
Wands
 h - a wand of flame (103)
 w - a wand of clouds (16)
 K - a wand of acid (47)
 L - a wand of iceblast (78)
 S - a wand of paralysis (62)
Scrolls
 g - 19 scrolls of teleportation
 p - 13 scrolls of magic mapping
 q - 7 scrolls of enchant armour
 r - 20 scrolls of remove curse
 t - 13 scrolls of enchant weapon
 u - 12 scrolls of fear
 y - 2 scrolls of summoning
 F - 3 scrolls of holy word
 N - 9 scrolls of vulnerability
 X - 8 scrolls of fog
 Y - 2 scrolls of blinking
 Z - 3 scrolls of identify
Potions
 o - 10 potions of brilliance
 s - 41 potions of curing
 v - 5 potions of cancellation
 A - 7 potions of haste
 D - 7 potions of agility
 E - 13 potions of flight
 I - 10 potions of magic
 J - 6 potions of invisibility
 Q - 9 potions of might
 R - 11 potions of heal wounds
 U - 7 potions of mutation
 V - 2 potions of resistance
Miscellaneous
 b - a lamp of fire
 l - a phial of floods
 x - 4 phantom mirrors
 z - 4 sacks of spiders
 M - a lightning rod (4/4)
Comestibles
 d - 62 rations


   Skills:
 * Level 18.4 Fighting
 * Level 18.7 Short Blades
 - Level 12.8 Armour
 - Level 24.5 Dodging
 - Level 25.6 Stealth
 - Level 7.2 Shields
 - Level 23.0 Spellcasting
 - Level 16.7 Hexes
 - Level 7.9 Charms
 - Level 12.8 Summonings
 - Level 2.3 Necromancy
 - Level 6.2 Translocations
 - Level 2.0 Transmutations
 - Level 1.2 Ice Magic
 - Level 4.9 Air Magic
 - Level 0.8 Earth Magic
 - Level 2.2 Invocations


You had one spell level left.
You knew the following spells:

 Your Spells              Type           Power        Failure   Level  Hunger
a - Corona                Hex            #######      0%          1    None
b - Ensorcelled Hibernat  Hex/Ice        ######       1%          2    None
c - Confuse               Hex            #######.     0%          3    None
d - Dazzling Spray        Conj/Hex       ######       1%          3    None
e - Cause Fear            Hex            #######...   0%          4    None
f - Mephitic Cloud        Conj/Pois/Air  #####...     2%          3    None
g - Regeneration          Chrm/Necr      ######....   1%          3    None
h - Silence               Hex/Air        ######....   1%          5    None
i - Discord               Hex            #######...   10%         8    #####..
j - Summon Mana Viper     Hex/Summ       #######.     1%          5    None
k - Blink                 Tloc           N/A          1%          2    None
l - Darkness              Hex            #######...   1%          6    None
m - Deflect Missiles      Chrm/Air       ######....   16%         6    None
n - Shroud of Golubria    Chrm/Tloc      ######....   1%          2    None
o - Summon Demon          Summ           ######....   1%          5    None
p - Aura of Abjuration    Summ           ######....   1%          5    None
q - Invisibility          Hex            #######.     1%          6    None
r - Passwall              Tmut/Erth      ####....     1%          2    None

Your spell library contained the following spells:

 Spells                   Type           Power        Failure   Level  Hunger
 Confusing Touch          Hex            ######       0%          1    None
 Summon Small Mammal      Summ           ####         0%          1    None
 Animate Skeleton         Necr           N/A          1%          1    None
 Apportation              Tloc           ######       1%          1    None
 Beastly Appendage        Tmut           #####.       1%          1    None
 Flame Tongue             Conj/Fire      ####.        1%          1    None
 Freeze                   Ice            ####         1%          1    None
 Infusion                 Chrm           ####         1%          1    None
 Magic Dart               Conj           ####         1%          1    None
 Pain                     Necr           ####         1%          1    None
 Sandblast                Erth           ####..       1%          1    None
 Shock                    Conj/Air       ####         1%          1    None
 Sting                    Conj/Pois      ####         1%          1    None
 Call Imp                 Summ           ######..     0%          2    None
 Slow                     Hex            #######.     0%          2    None
 Summon Guardian Golem    Hex/Summ       #######.     0%          3    None
 Tukima's Dance           Hex            #######.     0%          3    None
 Corpse Rot               Necr           N/A          1%          2    None
 Poisonous Vapours        Pois/Air       #####.       1%          2    None
 Searing Ray              Conj           ####..       1%          2    None
 Song of Slaying          Chrm           ######..     1%          2    None
 Sticks to Snakes         Tmut           #####...     1%          2    None
 Sublimation of Blood     Necr           #####.....   1%          2    None
 Swiftness                Chrm/Air       ######..     1%          2    None
 Throw Flame              Conj/Fire      ####..       1%          2    None
 Throw Frost              Conj/Ice       ####..       1%          2    None
 Call Canine Familiar     Summ           ######..     1%          3    None
 Gell's Gravitas          Tloc           ######....   1%          3    None
 Inner Flame              Hex/Fire       ######..     1%          3    None
 Ozocubu's Armour         Chrm/Ice       #####...     1%          3    None
 Portal Projectile        Hex/Tloc       ######       1%          3    None
 Recall                   Summ/Tloc      N/A          1%          3    None
 Spectral Weapon          Hex/Chrm       ######..     1%          3    None
 Static Discharge         Conj/Air       #####...     1%          3    None
 Vampiric Draining        Necr           #####.....   1%          3    None
 Airstrike                Air            ######....   1%          4    None
 Fulminant Prism          Conj/Hex       ######....   1%          4    None
 Leda's Liquefaction      Hex/Erth       ######....   1%          4    None
 Passage of Golubria      Tloc           N/A          1%          4    None
 Summon Ice Beast         Ice/Summ       ######..     1%          4    None
 Summon Lightning Spire   Summ/Air       ######..     1%          4    None
 Metabolic Englaciation   Hex/Ice        ######....   1%          5    None
 Summon Forest            Summ/Tloc      ######....   1%          5    None
 Yara's Violent Unravell  Hex/Tmut       ######....   1%          5    None
 Shadow Creatures         Summ           N/A          1%          6    None
 Spider Form              Tmut/Pois      ####......   2%          3    None
 Stone Arrow              Conj/Erth      ####..       3%          3    None
 Force Lance              Conj/Tloc      #####...     3%          4    None
 Conjure Flame            Conj/Fire      ####....     4%          3    None
 Excruciating Wounds      Chrm/Necr      ######....   4%          5    None
 Animate Dead             Necr           N/A          5%          4    None
 Monstrous Menagerie      Summ           ######....   6%          7    ####...
 Summon Greater Demon     Summ           ######....   6%          7    ####...
 Ice Form                 Ice/Tmut       #####...     7%          4    None
 Petrify                  Tmut/Erth      ####....     8%          4    None
 Iskenderun's Battlesphe  Conj/Chrm      #####...     8%          5    None
 Throw Icicle             Conj/Ice       ####....     11%         4    None
 Iskenderun's Mystic Bla  Conj           ####....     14%         4    None
 Olgreb's Toxic Radiance  Pois           ####....     14%         4    None
 Agony                    Necr           #####...     14%         5    None
 Dispel Undead            Necr           #####...     14%         5    None
 Lightning Bolt           Conj/Air       #####.....   14%         5    None
 Dispersal                Tloc           ######....   16%         6    None
 Blade Hands              Tmut           #####.....   17%         5    None
 Borgnjor's Vile Clutch   Necr/Erth      #####.....   21%         5    None
 Bolt of Draining         Conj/Necr      ####......   24%         5    None
 Malign Gateway           Summ/Tloc      ######....   24%         7    ####...
 Lee's Rapid Deconstruct  Erth           ####......   26%         5    None
 Bolt of Magma            Conj/Fire/Erth ####......   34%         5    None
 Venom Bolt               Conj/Pois      ####......   36%         5    None
 Summon Horrible Things   Summ           ######....   43%         8    #####..
 Conjure Ball Lightning   Conj/Air       #####.....   61%         6    None
 Death Channel            Necr           #####.....   63%         6    None
 Freezing Cloud           Conj/Ice/Air   #####.....   67%         6    None
 Simulacrum               Ice/Necr       #####.....   71%         6    None
 Statue Form              Tmut/Erth      ####.....    75%         6    None
 Ozocubu's Refrigeration  Ice            ####......   78%         6    None
 Bolt of Cold             Conj/Ice       ####......   86%         6    None
 Iron Shot                Conj/Erth      ####......   87%         6    None
 Bolt of Fire             Conj/Fire      ####......   91%         6    None
 Poison Arrow             Conj/Pois      ####......   91%         6    None
 Ring of Flames           Chrm/Fire      #####.....   93%         7    ####...
 Dragon Form              Tmut           #####.....   99%         7    ####...
 Borgnjor's Revivificati  Necr           #####.....   100%        8    #####..
 Chain Lightning          Conj/Air       #####.....   100%        8    #####..
 Controlled Blink         Tloc           N/A          100%        8    #####..
 Disjunction              Tloc           ######....   100%        8    #####..
 Lehudib's Crystal Spear  Conj/Erth      ####......   100%        8    #####..
 Dragon's Call            Summ           ######....   100%        9    #######
 Fire Storm               Conj/Fire      ####......   100%        9    #######
 Glaciate                 Conj/Ice       ####......   100%        9    #######
 Shatter                  Erth           ####......   100%        9    #######
 Tornado                  Air            ######....   100%        9    #######


Dungeon Overview and Level Annotations

Branches:
Dungeon (15/15)            Temple (1/1) D:7            Lair (6/6) D:11
 Shoals (4/4) Lair:2        Snake (4/4) Lair:4        Slime (5/5) Lair:5
    Orc (2/2) D:11            Elf (3/3) Orc:2        Vaults (5/5) D:13
  Crypt (3/3) Vaults:2       Tomb (0/3) Crypt:3      Depths (5/5) D:15
    Zot (0/5) Depths:5

Altars:
Cheibriados
Dithmenos
Elyvilon
Fedhas
Kikubaaqudgha
Makhleb
Nemelex Xobeh
Okawaru
Qazlal
Sif Muna
Trog
Vehumet
Xom
Yredelemnul
Zin
The Shining One
Beogh
Jiyva

Shops:
D:6 }([   Orc:2 [![%   Elf:1 *   Elf:2 :[!   Snake:1 *   Vaults:2 *
Vaults:3 *   Vaults:4 [

Portals:
Hell: Depths:1 Depths:2 Depths:3 Depths:4 Depths:5
Abyss: Depths:3 Depths:4
Pandemonium: Depths:3
Ziggurat: Depths:5

Annotations:
D:3 Purgy
Shoals:4 exclusion: 2 oklob plants


Innate Abilities, Weirdness & Mutations

You are very small and have problems with some larger weapons.
You are too small for most types of armour.
You have supernaturally acute eyesight. (SInv)
You are a herbivore.
You cover ground extremely quickly.
You need to consume almost no food.
You have a pair of small antennae on your head.
You are partially covered in slimy green scales. (AC +2)
You are agile. (Dex +2)
You possess an exceptional clarity of mind.
Your magical capacity is low. (-10% MP)
You are resistant to electric shocks. (rElec)


Message History

Confirm with . or Enter, or press ? or * to list all spells.
You blink.
Your skin stops crawling.
Your red devil hits the Hell Sentinel from afar with a +3 trident!
The fire vortex moves out of view. x2
Unknown command.
Unknown command.
The Hell Sentinel gestures at you.
The sphere of damnation explodes!
The damnation engulfs your sun demon!! The damnation engulfs your red devil!!!
Your red devil dies!
You block Higgiuli's attack.
Your sun demon completely misses the Hell Sentinel.
Your sun demon hits the Hell Sentinel.
The Hell Sentinel is engulfed in flames.
The Hell Sentinel completely resists.
Higgiuli gestures at you.
A raging storm of fire appears!
The great blast of fire engulfs you!! You partially resist.
You die...

# #.#######.....v....####... #
#.......(......°..........
#####..........°.°.°...^......
...............3..####'####..
..................#.......#.
[....#+#####...&1.#.......'...
#....# #####..+.......#...
#....# #..#.......# .. #§...#
#@.#.......# #4...#
#..#####'### #....# #.........
#....######## #..........
............# #...........
[...........####.........
............3............
.............########....
.............# .###


You could see Higgiuli (invisible), a Hell Sentinel and a friendly sun demon.

Vanquished Creatures
  Dissolution (Slime:2)
  the Royal Jelly (Slime:5)
  An ancient lich (Abyss:1)
  A juggernaut (Depths:4)
  Sojobo (Crypt:1)
  Bai Suzhen (Snake:3)
  Margery (Crypt:3)
  Saint Roka (Elf:2)
  6 caustic shrikes
  4 golden dragons
  A profane servitor (Abyss:1)
  3 bone dragons
  Nikola (Shoals:4)
  The ghost of Homusai Esac the Tortoise, an adept FoEn of Wu Jian (Depths:5)
  A Tzitzimitl (Pan)
  2 Ice Fiends
  2 tentacled monstrosities
  Jorgrun (Shoals:1)
  4 liches
  3 titans
  2 deep elf blademasters (Elf:3)
  3 quicksilver dragons
  Polyphemus (Shoals:2)
  A tentacled starspawn (Abyss:1)
  The ghost of Jabberih the Nimble, an adept DrFE of Vehumet (Shoals:4)
  11 acid blobs
  2 deep elf master archers (Elf:3)
  4 sphinxes
  2 krakens
  5 storm dragons
  9 tengu reavers
  6 shadow dragons
  Gastronok (D:9)
  7 revenants
  Donald (Vaults:3)
  Roxanne (Snake:4)
  11 nagarajas
  7 azure jellies
  14 frost giants
  6 fire giants
  2 draconian scorchers (Depths:5)
  A balrug (Abyss:1)
  A ghoul (Crypt:1)
  10 deep elf sorcerers
  Aizul (Elf:2)
  13 vault wardens
  3 curse skulls
  A juggernaut zombie (Crypt:2)
  2 reapers
  2 deep elf elementalists
  Louise (Depths:4)
  A draconian annihilator (Abyss:4)
  A cacodemon (WizLab)
  8 very ugly things
  18 ironheart preservers
  2 war gargoyles
  5 spriggan defenders
  2 entropy weavers
  16 stone giants
  A blood saint (Pan)
  3 vampire knights
  A green draconian (Depths:5)
  13 deep elf annihilators
  Azrael (Elf:2)
  4 deep elf demonologists
  A lorocyproca (Pan)
  A purple draconian (Depths:5)
  2 white draconians
  A minotaur (Gauntlet)
  9 ettins
  2 red draconians (Depths:5)
  A yellow draconian (Depths:5)
  2 green deaths
  3 blizzard demons
  A spark wasp (Depths:4)
  12 deep elf death magi
  Snorg (Lair:5)
  6 eidola
  6 death oozes (Slime:5)
  4 merfolk javelineers (Shoals:4)
  3 jiangshi
  A quicksilver dragon zombie (Depths:3)
  8 fire dragons
  9 merfolk impalers
  14 ogre magi
  16 yaktaur captains
  14 deep elf high priests
  39 vault guards
  Erolcha (Orc:2)
  9 great orbs of eyes
  Fannar (Lair:2)
  3 hydras
  33 naga warriors
  A quicksilver dragon skeleton (Crypt:1)
  11 ice dragons
  9 centaur warriors
  7 spriggan air magi
  4 merfolk avatars
  5 merfolk aquamancers
  7 rakshasas
  9 anacondas
  25 dancing weapons
  10 death knights
  2 catoblepae
  24 two-headed ogres
  13 tengu warriors
  A two-headed ogre (shapeshifter) (Vaults:2)
  3 death yaks
  2 deep troll shamans (Depths:1)
  2 satyrs
  A titan zombie (Depths:3)
  A spectral fire giant (Crypt:3)
  4 soul eaters
  2 orc high priests
  15 naga sharpshooters
  Nergalle (Orc:1)
  8 deep troll earth magi
  9 sun demons
  6 thrashing horrors
  17 spriggan berserkers
  19 hell knights
  4 vampire magi
  4 shock serpents
  A golden dragon zombie (Crypt:1)
  22 deep elf knights
  14 shadow wraiths
  A storm dragon skeleton (Crypt:2)
  2 fire crabs (shapeshifter)
  A sixfirhy (Abyss:3)
  6 wretched stars
  15 sea snakes
  7 salamander mystics
  16 deep trolls
  4 unseen horrors
  2 spatial maelstroms
  20 skeletal warriors
  A swamp dragon (shapeshifter) (Vaults:2)
  A kraken simulacrum (Shoals:4)
  7 naga ritualists
  14 flayed ghosts
  A swamp dragon (Vaults:2)
  An infernal demonspawn (Pan)
  20 orc knights
  8 glowing orange brains
  A golden dragon skeleton (Depths:1)
  14 wizards
  A harpy (shapeshifter) (Depths:2)
  21 phantasmal warriors
  2 quicksilver dragon simulacra (Depths:3)
  16 deep elf archers
  32 harpies
  8 shining eyes
  2 wolf spiders
  2 orb spiders (shapeshifter)
  53 deep elf magi
  A wolf spider zombie (D:13)
  10 cyclopes
  12 necromancers
  11 mana vipers
  24 ugly things
  20 ironbrand convokers
  4 orc sorcerers
  2 manticores (shapeshifter)
  13 salamanders
  16 manticores
  An iron dragon skeleton (Depths:3)
  A worldbinder (Abyss:1)
  7 fauns
  A shock serpent zombie (Abyss:2)
  2 salamanders (shapeshifter)
  5 toenail golems (Volcano)
  2 centaur zombies
  10 merfolk sirens
  3 rust devils (Depths:3)
  3 frost giant skeletons
  A torpor snail (Lair:3)
  20 naga magi
  A fire giant skeleton (Abyss:2)
  7 guardian serpents
  30 black mambas
  3 ice statues
  2 water nymphs
  5 smoke demons
  3 eyes of devastation
  3 black mambas (shapeshifter)
  11 spiny frogs
  16 vault sentinels
  3 orange demons
  A dire elephant skeleton (Abyss:1)
  2 molten gargoyles (Gauntlet)
  A sea snake zombie (Crypt:3)
  A yaktaur zombie (Vaults:3)
  An efreet (D:15)
  2 rime drakes
  3 hellions
  2 gargoyles (Gauntlet)
  58 yaktaurs
  A yaktaur (shapeshifter) (Vaults:1)
  A minotaur zombie (Gauntlet)
  10 ice devils
  5 komodo dragons
  3 anaconda simulacra (IceCv)
  19 freezing wraiths
  A hellwing (Depths:1)
  2 guardian mummies
  2 golden dragon simulacra (IceCv)
  2 komodo dragons (shapeshifter)
  4 tengu conjurers
  5 tormentors
  2 ancient zymes
  2 queen bees (shapeshifter)
  A death yak skeleton (Crypt:2)
  A redback zombie (D:15)
  6 trolls
  A jumping spider (Vaults:3)
  26 merfolk
  A troll (shapeshifter) (Vaults:5)
  6 red devils
  8 meliai
  A meliai (shapeshifter) (Depths:5)
  9 wind drakes
  6 polar bears
  19 blink frogs
  15 hornets
  2 tyrant leeches (shapeshifter)
  A blink frog (shapeshifter) (Depths:3)
  3 wolf spider simulacra
  3 raiju
  A guardian serpent zombie (Crypt:1)
  A meliai zombie (D:12)
  13 hippogriffs
  A tengu simulacrum (Depths:1)
  3 dream sheep
  A bog body (Crypt:1)
  2 redbacks (Vaults:3)
  8 snapping turtles
  56 slime creatures
  An elf zombie (Depths:3)
  An ettin zombie (Vaults:3)
  17 flying skulls
  22 spriggans
  20 water elementals
  A spriggan (shapeshifter) (Vaults:5)
  19 shadows
  2 tarantellas
  9 wraiths
  A vampire (D:13)
  7 ynoxinuls
  An air elemental (Elf:1)
  2 wyverns
  3 dire elephant simulacra (IceCv)
  38 yaks
  5 fire elementals
  A yak (shapeshifter) (Depths:5)
  15 humans (D:13)
  A tyrant leech zombie (Crypt:3)
  11 large abominations
  6 fire bats
  2 golden eyes (shapeshifter)
  16 golden eyes
  5 neqoxecs
  Eustachio (D:6)
  5 chaos spawn
  8 hungry ghosts
  A basilisk (Lair:4)
  8 vampire mosquitoes
  3 harpy simulacra (IceCv)
  2 human zombies
  2 iron troll simulacra (IceCv)
  4 insubstantial wisps
  A warg (Vaults:1)
  A naga (shapeshifter) (Vaults:5)
  A soldier ant (shapeshifter) (Vaults:1)
  3 acid dragons
  A spatial vortex (Abyss:1)
  2 deep troll zombies
  Duvessa (D:6)
  66 nagas
  9 hell hounds
  2 soldier ants
  3 hydra simulacra (IceCv)
  7 porcupines
  An orb spider zombie (Crypt:1)
  16 water moccasins
  A floating eye (Depths:4)
  58 orc warriors
  A hornet zombie (D:13)
  6 sky beasts
  2 black bears
  2 phantoms
  2 necrophages
  9 ettin simulacra
  22 wolves
  5 ice beasts
  41 ogres
  9 boggarts
  A boggart (shapeshifter) (Vaults:2)
  4 eyes of draining
  A manticore skeleton (Abyss:2)
  A lindwurm skeleton (Crypt:3)
  A snapping turtle skeleton (Crypt:1)
  28 centaurs
  A swamp dragon skeleton (Abyss:2)
  12 crocodiles
  2 big kobolds
  11 small abominations
  20 bullfrogs
  A salamander skeleton (Crypt:3)
  2 earth elementals
  A gnoll sergeant (D:13)
  A water moccasin zombie (Crypt:3)
  A wyvern skeleton (D:12)
  9 scorpions
  Dowan (D:6)
  10 killer bees
  An elf simulacrum (Vaults:2)
  19 wights
  3 electric eels
  4 howler monkeys
  11 crimson imps
  4 draconian simulacra (IceCv)
  6 quasits
  2 bullfrog zombies
  A hound (D:5)
  5 jellies
  A demonspawn zombie (Crypt:1)
  21 orc priests
  A bullfrog skeleton (D:5)
  7 centaur skeletons
  5 iron imps
  4 iguanas
  Terence (D:3)
  24 orc wizards
  3 troll simulacra (IceCv)
  2 polar bear simulacra (IceCv)
  8 worker ants
  A tengu zombie (Crypt:1)
  An ogre zombie (Crypt:2)
  3 centaur simulacra (IceCv)
  A big kobold skeleton (Crypt:2)
  4 hound skeletons
  12 mummies (Crypt:3)
  24 adders
  22 gnolls
  2 naga simulacra (IceCv)
  2 ogre simulacra (IceCv)
  3 shadow imps
  11 white imps
  3 ufetubi
  An ooze (Lair:6)
  A halfling zombie (Crypt:3)
  A lava snake zombie (Crypt:1)
  3 adder skeletons
  A worm (D:3)
  2 dart slugs
  5 leopard geckos
  115 orcs
  A giant cockroach (D:6)
  25 hobgoblins
  14 jackals
  A quokka (D:3)
  A ball python zombie (Crypt:2)
  7 bats
  6 frilled lizards
  9 goblins
  A hobgoblin skeleton (Crypt:2)
  19 kobolds
  A leopard gecko zombie (D:7)
  2 quokka skeletons
  10 rats
  A butterfly (Lair:3)
  2 crawling corpses (Depths:3)
  A fungus (Lair:5)
  5 plants (Lair:5)
  A starspawn tentacle (Abyss:1)
2646 creatures vanquished.

Vanquished Creatures (collateral kills)
  Mara (Snake:4)
  Boris (Depths:4)
  Vashnia (Snake:4)
  Frederick (Crypt:1)
  2 golden dragons
  A bone dragon (Abyss:1)
  2 liches
  2 tentacled monstrosities (Vaults:5)
  A titan (Vaults:4)
  An ancient champion (Crypt:1)
  4 acid blobs
  An Executioner (Abyss:1)
  2 tentacled starspawn (Abyss:1)
  A shadow dragon (Vaults:5)
  A tengu reaver (Vaults:5)
  A fire giant (Vaults:5)
  3 nagarajas (Snake:4)
  3 azure jellies
  2 frost giants
  An iron dragon (Depths:3)
  A balrug (Depths:3)
  3 vault wardens (Vaults:5)
  A cacodemon (Abyss:3)
  A war gargoyle (Vaults:4)
  2 stone giants
  8 very ugly things
  An entropy weaver (shapeshifter) (Depths:3)
  A vampire knight (Depths:2)
  2 deep elf demonologists
  An ettin (Depths:5)
  3 death oozes
  A deep elf high priest (Depths:3)
  4 yaktaur captains (Vaults:5)
  4 naga warriors (Snake:4)
  3 small abominations
  An ice dragon (Depths:4)
  3 vault guards (Vaults:5)
  A great orb of eyes (Vaults:5)
  A spriggan air mage (Depths:5)
  2 anacondas (Snake:4)
  5 dancing weapons
  3 tengu warriors (Depths:3)
  A deep troll shaman (Depths:5)
  A vampire mage (Crypt:1)
  3 spriggan berserkers (Depths:3)
  3 deep troll earth magi (Depths:5)
  A deep elf knight (Elf:2)
  4 skeletal warriors
  3 naga sharpshooters (Snake:4)
  A spatial maelstrom (Abyss:1)
  2 sun demons
  2 sixfirhies
  6 deep trolls
  A glowing orange brain (Depths:5)
  A large abomination (Abyss:1)
  An ironbrand convoker (Vaults:5)
  3 naga ritualists (Snake:4)
  6 phantasmal warriors
  A harpy (shapeshifter) (Vaults:5)
  A deep elf mage (Elf:2)
  6 ugly things
  21 slime creatures
  A shining eye (Slime:4)
  3 black mambas (Snake:4)
  A smoke demon (Pan)
  2 guardian serpents (Snake:4)
  3 rust devils (Depths:3)
  2 vault sentinels (Vaults:5)
  A naga mage (Snake:4)
  6 yaktaurs
  2 ancient zymes (Abyss:1)
  An ice devil (Pan)
  A red devil (Depths:3)
  A troll (shapeshifter) (Vaults:5)
  A hornet (Depths:5)
  A raiju (Abyss:1)
  A spriggan (Depths:5)
  A shadow (Crypt:3)
  3 wraiths
  A ynoxinul (Abyss:1)
  3 flying skulls
  2 spatial vortices (Abyss:1)
  A hungry ghost (Crypt:3)
  A chaos spawn (Pan)
  An insubstantial wisp (Abyss:4)
  A hell hound (Depths:3)
  14 nagas (Snake:4)
  An ettin simulacrum (Depths:3)
  3 orc warriors (Elf:2)
  A necrophage (Crypt:1)
  3 eyes of draining
  An ogre (Elf:2)
  A dream sheep skeleton (Crypt:3)
  A yak skeleton (Crypt:1)
  A centaur skeleton (Crypt:2)
  A shadow imp (Abyss:1)
  2 orcs (Elf:2)
222 creatures vanquished.

Vanquished Creatures (others)
  An ancient champion (Crypt:2)
  A sphinx (Vaults:5)
  3 azure jellies (Slime:5)
  2 frost giants (Vaults:5)
  2 very ugly things
  A vampire knight (Depths:3)
  A vault guard (Vaults:5)
  A deep elf high priest (Depths:3)
  A deep troll earth mage (Depths:3)
  4 tengu warriors (Depths:3)
  2 naga sharpshooters (Snake:4)
  3 deep trolls
  2 deep elf knights
  2 naga magi (Snake:4)
  A skeletal warrior (Depths:3)
  A sun demon (Depths:3)
  A naga ritualist (Snake:4)
  A deep elf archer (Elf:2)
  A phantasmal warrior (Crypt:1)
  2 nagas (Snake:4)
  2 rust devils (Depths:3)
  A storm dragon simulacrum (Depths:3)
  3 raiju
  A bog body (Crypt:1)
  4 flying skulls
  A human (D:13)
  An orc (Elf:2)
  A lurking horror (Abyss:3)
  4 plants
  4 starspawn tentacles (Abyss:1)
  20 tentacles
  A withered plant (Gauntlet)
76 creatures vanquished.

Grand Total: 2944 creatures vanquished

Notes
Turn   | Place    | Note
-------+----------+-------------------------------------------
     0 | D:1      | DarthUnicorn the Spriggan Enchanter began the quest for the
                  | Orb.
     0 | D:1      | Reached XP level 1. HP: 9/9 MP: 5/5
   379 | D:1      | Reached XP level 2. HP: 13/13 MP: 4/6
   389 | D:1      | Learned a level 2 spell: Ensorcelled Hibernation
   790 | D:2      | Reached skill level 5 in Stealth
   951 | D:2      | Reached XP level 3. HP: 16/16 MP: 6/8
   956 | D:2      | Learned a level 3 spell: Confuse
  1457 | D:3      | Reached XP level 4. HP: 10/21 MP: 0/10
  1642 | D:3      | Noticed Purgy
  1918 | D:3      | Found a burning altar of Makhleb.
  2025 | D:3      | Noticed Terence
  2033 | D:3      | Killed Terence
  2033 | D:3      | Reached skill level 1 in Shields
  2033 | D:3      | Reached XP level 5. HP: 24/24 MP: 8/11
  2474 | D:4      | Reached XP level 6. HP: 28/29 MP: 6/13
  2479 | D:4      | Learned a level 3 spell: Dazzling Spray
  2540 | D:4      | Reached skill level 6 in Stealth
  2575 | D:4      | Reached skill level 1 in Ice Magic
  2588 | D:4      | Found a deep blue altar of Sif Muna.
  2949 | D:4      | Reached skill level 5 in Hexes
  3121 | D:4      | Found a shadowy altar of Dithmenos.
  3144 | D:4      | Reached XP level 7. HP: 23/32 MP: 3/15
  3208 | D:5      | Entered Level 5 of the Dungeon
  3668 | D:5      | Reached skill level 7 in Stealth
  3810 | D:5      | Reached skill level 1 in Fighting
  3860 | D:5      | Reached skill level 5 in Spellcasting
  4165 | D:6      | Found Inucveh's Antique Weapon Boutique.
  4176 | D:6      | Found Extal's Armour Emporium.
  4192 | D:6      | Reached XP level 8. HP: 37/37 MP: 11/16
  4226 | D:6      | Reached skill level 8 in Stealth
  4310 | D:6      | Noticed Duvessa
  4708 | D:6      | Noticed Eustachio
  4728 | D:6      | Killed Eustachio
  4830 | D:6      | Found Maakuc's Gadget Shoppe.
  4971 | D:6      | Noticed a hornet
  5035 | D:6      | Killed a hornet
  5035 | D:6      | Reached skill level 9 in Stealth
  5081 | D:6      | Reached XP level 9. HP: 43/43 MP: 12/19
  5215 | D:6      | Noticed Dowan
  5218 | D:6      | Reached skill level 5 in Short Blades
  5352 | D:6      | Killed Dowan
  5406 | D:6      | Killed Duvessa
  5574 | D:7      | Found a glowing silver altar of Zin.
  5614 | D:7      | Found a staircase to the Ecumenical Temple.
  5624 | Temple   | Entered the Ecumenical Temple
  5651 | Temple   | Became a worshipper of Warmaster Okawaru
  5787 | D:7      | Found a basalt altar of Yredelemnul.
  5948 | D:7      | Reached skill level 10 in Stealth
  6121 | D:8      | Reached * piety under Okawaru
  6659 | D:9      | Reached XP level 10. HP: 49/49 MP: 22/22
  6683 | D:9      | Noticed an unseen horror
  6689 | D:9      | Reached ** piety under Okawaru
  6709 | D:9      | Killed an unseen horror
  6709 | D:9      | Reached skill level 11 in Stealth
  6921 | D:9      | Noticed Gastronok
  6928 | D:9      | Killed Gastronok
  6928 | D:9      | Reached *** piety under Okawaru
  6928 | D:9      | Reached skill level 5 in Dodging
  7070 | D:9      | Reached skill level 12 in Stealth
  7140 | D:9      | Learned a level 4 spell: Cause Fear
  7169 | D:10     | Entered Level 10 of the Dungeon
  7349 | D:10     | Reached skill level 5 in Fighting
  7674 | D:10     | Reached **** piety under Okawaru
  7996 | D:11     | Reached XP level 11. HP: 53/56 MP: 24/24
  7998 | D:11     | Found a staircase to the Lair.
  8045 | D:11     | Found the +12 glaive of Prune {chop}
  8214 | D:11     | Noticed a five-headed hydra
  8221 | D:11     | Killed a five-headed hydra
  8233 | D:11     | Reached skill level 5 in Shields
  8246 | D:11     | Found a staircase to the Orcish Mines.
  8361 | D:11     | Reached skill level 13 in Stealth
  8434 | D:11     | Reached ***** piety under Okawaru
  8605 | D:12     | Identified a scroll of acquirement
  8613 | D:12     | Found a flagged portal.
  8721 | Bailey   | Entered a bailey
  8875 | Bailey   | Learned a level 3 spell: Mephitic Cloud
  8896 | Bailey   | Noticed an orc knight
  9127 | Bailey   | Killed an orc knight
  9338 | D:12     | Noticed a two-headed ogre
  9341 | D:12     | Killed a two-headed ogre
  9481 | D:12     | Reached skill level 14 in Stealth
  9582 | D:12     | Received a gift from Okawaru
  9587 | D:12     | Got a translucent spear {god gift}
  9588 | D:12     | Identified the +1 spear of Eternal Vigilance {freeze, rF+
                  | Str+4} (Okawaru gifted it to you on level 12 of the
                  | Dungeon)
 10002 | D:13     | Noticed an unseen horror
 10008 | D:13     | Killed an unseen horror
 10008 | D:13     | Reached XP level 12. HP: 62/62 MP: 17/26
 10164 | D:13     | Reached skill level 10 in Spellcasting
 10236 | D:13     | Reached ****** piety under Okawaru
 10430 | D:13     | Noticed a centaur warrior
 10511 | D:13     | Received a gift from Okawaru
 10511 | D:13     | Reached skill level 15 in Stealth
 10638 | D:13     | Reached skill level 10 in Hexes
 10843 | D:13     | Noticed a two-headed ogre
 10850 | D:13     | Noticed a two-headed ogre
 10853 | D:13     | Noticed a two-headed ogre
 10860 | D:13     | Killed a two-headed ogre
 10898 | D:13     | Killed a two-headed ogre
 10943 | D:13     | Noticed an ogre mage
 10972 | D:13     | Killed an ogre mage
 10977 | D:13     | Killed a two-headed ogre
 10977 | D:13     | Reached skill level 16 in Stealth
 11062 | D:13     | Killed a centaur warrior
 11161 | D:13     | Reached XP level 13. HP: 61/67 MP: 0/29
 11323 | D:13     | Received a gift from Okawaru
 11684 | D:13     | Found a gate to the Vaults.
 11826 | D:14     | Found a portal to a secret trove of treasure.
 12167 | D:14     | Got an ancient rapier
 12168 | D:14     | Identified the +4 rapier of Sidem {flame, *Drain rF- Str+5
                  | Dex+10} (You found it on level 14 of the Dungeon)
 12197 | D:15     | Entered Level 15 of the Dungeon
 12657 | D:15     | Reached skill level 17 in Stealth
 12906 | D:15     | Received a gift from Okawaru
 12907 | D:15     | Got an encrusted lajatang {god gift}
 12918 | D:15     | Identified the +2 lajatang of Power {speed, -Tele +Rage
                  | rPois Dex+8} (Okawaru gifted it to you on level 15 of the
                  | Dungeon)
 13220 | D:15     | Reached skill level 10 in Short Blades
 13311 | D:15     | Found a staircase to the Depths.
 13440 | D:15     | Received a gift from Okawaru
 13525 | Lair:1   | Entered Level 1 of the Lair of Beasts
 13797 | Lair:1   | Received a gift from Okawaru
 14222 | Lair:1   | Reached skill level 1 in Armour
 14360 | Lair:2   | Noticed Fannar
 14371 | Lair:2   | Reached XP level 14. HP: 72/72 MP: 26/31
 14382 | Lair:2   | Killed Fannar
 14911 | Lair:2   | Found a staircase to the Shoals.
 15016 | Lair:3   | Reached skill level 18 in Stealth
 15260 | Lair:3   | Found a dark tunnel.
 15274 | Volcano  | Entered a volcano
 15312 | Volcano  | Cast into level 2 of the Abyss (a wizard)
 15312 | Abyss:2  | Found a corrupted altar of Lugonu.
 15326 | Abyss:2  | Found a corrupted altar of Lugonu.
 15657 | Abyss:2  | Learned a level 3 spell: Regeneration
 15822 | Abyss:2  | Noticed a white very ugly thing
 15914 | Abyss:2  | Noticed a tentacled starspawn
 16142 | Abyss:2  | Noticed a starcursed mass
 16158 | Abyss:2  | Noticed a starcursed mass
 16217 | Abyss:2  | Found a corrupted altar of Lugonu.
 16405 | Abyss:2  | Noticed a starcursed mass
 16588 | Volcano  | Escaped the Abyss
 16658 | Volcano  | Received a gift from Okawaru
 17213 | Lair:4   | Upgraded the game from 0.23.2-33-g5129a83184 to
                  | 0.23.2-40-g277498a001
 17332 | Lair:4   | Found a staircase to the Snake Pit.
 17434 | Lair:4   | Reached skill level 19 in Stealth
 17591 | Lair:4   | Received a gift from Okawaru
 17825 | Lair:4   | Got a spiked buckler
 17836 | Lair:4   | Identified the +1 buckler "Fijit" {rElec} (You found it on
                  | level 4 of the Lair of Beasts)
 18002 | Lair:5   | Noticed Snorg
 18027 | Lair:5   | Killed Snorg
 18105 | Lair:5   | Found a gate leading to a gauntlet.
 18135 | Gauntlet | Entered a Gauntlet
 18135 | Gauntlet | Found a transporter.
 18142 | Gauntlet | Found a transporter.
 18144 | Gauntlet | Found a transporter.
 18159 | Gauntlet | Found a transporter.
 18162 | Gauntlet | Found a transporter.
 18169 | Gauntlet | Found a transporter.
 18188 | Gauntlet | Found a transporter.
 18195 | Gauntlet | Found a transporter.
 18205 | Gauntlet | Found a transporter.
 18220 | Gauntlet | Found a transporter.
 18233 | Gauntlet | Found a runed translucent door.
 18234 | Gauntlet | Found a transporter.
 18234 | Gauntlet | Found a transporter.
 18235 | Gauntlet | Found a runed translucent door.
 18258 | Gauntlet | Learned a level 5 spell: Silence
 18370 | Gauntlet | Found a transporter.
 18378 | Gauntlet | Reached XP level 15. HP: 78/78 MP: 25/33
 18456 | Gauntlet | Got a twitching turquoise ring
 18458 | Gauntlet | Identified the ring of Makhleb's Castigation {*Tele rN+}
                  | (You found it in a Gauntlet)
 18473 | Gauntlet | Identified the +3 quarterstaff "Rozafeiz" {crush, rPois}
 18774 | Lair:5   | Found a staircase to the Slime Pits.
 19113 | Lair:6   | Entered Level 6 of the Lair of Beasts
 19643 | Lair:6   | Got a flickering silver ring
 19645 | Lair:6   | Identified the ring "Festypt" {Str+2 Dex+2} (You found it
                  | on level 6 of the Lair of Beasts)
 19758 | Lair:6   | Received a gift from Okawaru
 20086 | Orc:1    | Entered Level 1 of the Orcish Mines
 20142 | Orc:2    | Entered Level 2 of the Orcish Mines
 20442 | Orc:2    | Found a staircase to the Elven Halls.
 20765 | Orc:2    | Noticed Erolcha
 20775 | Orc:2    | Killed Erolcha
 20775 | Orc:2    | Reached skill level 20 in Stealth
 21067 | Orc:2    | Found Uruassat's Distillery.
 21067 | Orc:2    | Found Etyt's Antique Armour Shoppe.
 21069 | Orc:2    | Found Etofeg's Food Emporium.
 21071 | Orc:2    | Found Mompuh's Armour Boutique.
 21077 | Orc:2    | Bought a potion of curing for 39 gold pieces
 21077 | Orc:2    | Bought a potion of heal wounds for 65 gold pieces
 21180 | Orc:1    | Noticed Nergalle
 21266 | Orc:2    | Reached skill level 1 in Charms
 21548 | Orc:2    | Received a gift from Okawaru
 21548 | Orc:2    | Reached skill level 1 in Necromancy
 21642 | Orc:1    | Killed Nergalle
 21646 | Orc:1    | Received a gift from Okawaru
 21835 | Orc:1    | Found a bloodstained altar of Trog.
 21856 | Orc:1    | You fall through a shaft!
 22151 | Trove    | Entered a treasure trove
 22164 | Trove    | Got a warped lead ring
 22217 | D:14     | Identified the ring "Ofipsuqe" {rElec rN+ Int+4 Dex+3} (You
                  | found it in a treasure trove)
 22383 | Shoals:1 | Entered Level 1 of the Shoals
 23004 | Shoals:1 | Noticed Jorgrun
 23024 | Shoals:1 | Reached skill level 5 in Armour
 23044 | Shoals:1 | Killed Jorgrun
 23044 | Shoals:1 | Reached XP level 16. HP: 76/84 MP: 8/35
 23638 | Shoals:2 | Got a thick robe
 23649 | Shoals:2 | Identified the +2 robe of Incorporation {rC+ rCorr} (You
                  | found it on level 2 of the Shoals)
 23754 | Shoals:2 | Noticed Polyphemus
 23988 | Shoals:2 | Killed Polyphemus
 24166 | Shoals:3 | Reached skill level 10 in Fighting
 24203 | Shoals:3 | Noticed a kraken
 24351 | Shoals:3 | Killed a kraken
 24726 | Shoals:3 | Reached skill level 21 in Stealth
 24954 | Shoals:4 | Entered Level 4 of the Shoals
 25300 | Shoals:4 | Noticed a kraken
 25401 | Shoals:4 | Identified the Volume of Black Rites and Clay
 25492 | Shoals:4 | Noticed Nikola
 25688 | Shoals:4 | Received a gift from Okawaru
 25695 | Shoals:4 | Reached skill level 15 in Spellcasting
 25704 | Shoals:4 | Got a slimy buckler {god gift}
 25721 | Shoals:3 | Identified the +0 buckler of Nits {rF- Str+4 Dex+3}
                  | (Okawaru gifted it to you on level 4 of the Shoals)
 25831 | Shoals:4 | Killed Nikola
 25831 | Shoals:4 | Reached XP level 17. HP: 90/90 MP: 28/37
 26172 | Shoals:4 | Noticed a kraken
 26215 | Shoals:4 | Killed a kraken
 26365 | Shoals:4 | Got a barnacled rune of Zot
 26371 | Shoals:4 | Found a runed translucent door.
 26372 | Shoals:4 | Noticed Jabberih's ghost (adept DrFE)
 26486 | Shoals:4 | Killed Jabberih's ghost
 26500 | Shoals:4 | Identified Sif Muna's Compendium of Bewitching Poison
 26513 | Shoals:4 | Learned a level 8 spell: Discord
 26697 | Snake:1  | Entered Level 1 of the Snake Pit
 27260 | Vaults:1 | Entered Level 1 of the Vaults
 27390 | Vaults:1 | Received a gift from Okawaru
 27559 | Vaults:1 | Found a roughly hewn altar of Beogh.
 27583 | Vaults:1 | Reached skill level 22 in Stealth
 27621 | Vaults:1 | Reached skill level 1 in Air Magic
 28910 | Vaults:2 | Reached XP level 18. HP: 95/95 MP: 23/38
 28942 | Vaults:2 | Received a gift from Okawaru
 29157 | Vaults:2 | Received a gift from Okawaru
 29161 | Vaults:2 | Got an ebony dagger {god gift}
 29162 | Vaults:2 | Identified the +1 dagger of Zeigidd {holy, rF- Int+6}
                  | (Okawaru gifted it to you on level 2 of the Vaults)
 29773 | Vaults:2 | Received a gift from Okawaru
 29826 | Vaults:2 | Got an opalescent robe {god gift}
 29837 | Vaults:2 | Identified the +2 robe of Rinodd {rElec rN+++ Int+2 Slay-3}
                  | (Okawaru gifted it to you on level 2 of the Vaults)
 29888 | Vaults:2 | Found a staircase to the Crypt.
 29892 | Vaults:2 | Reached skill level 10 in Dodging
 30334 | Vaults:2 | Reached skill level 23 in Stealth
 30337 | Vaults:2 | Found Bonal's Assorted Antiques.
 30345 | Vaults:2 | Bought a scroll of brand weapon for 860 gold pieces
 30345 | Vaults:2 | Bought a scroll of enchant weapon for 322 gold pieces
 30524 | Vaults:3 | Noticed Donald
 30553 | Vaults:3 | Found a flickering gateway to a bazaar.
 30578 | Vaults:3 | Killed Donald
 30606 | Bazaar   | Entered a bazaar
 30606 | Bazaar   | Found Itukhloe's Jewellery Emporium.
 30606 | Bazaar   | Found Oxuoju's Assorted Antiques.
 30606 | Bazaar   | Found Wosut's Distillery.
 30606 | Bazaar   | Found Kates's Magic Scroll Emporium.
 30606 | Bazaar   | Found Uckukewn's Gadget Shoppe.
 30616 | Bazaar   | Bought a scroll of acquirement for 364 gold pieces
 30616 | Bazaar   | Bought a scroll of enchant armour for 52 gold pieces
 30620 | Bazaar   | Bought a cursed amulet of inaccuracy for 26 gold pieces
 30624 | Bazaar   | Bought a potion of mutation for 80 gold pieces
 30781 | Vaults:3 | Found Amuomoeh's General Store.
 31079 | Vaults:3 | Received a gift from Okawaru
 31135 | Vaults:3 | Reached XP level 19. HP: 84/100 MP: 32/40
 31824 | Vaults:3 | Reached skill level 15 in Hexes
 31869 | Vaults:3 | Learned a level 5 spell: Summon Mana Viper
 32090 | Vaults:4 | Found a magical portal.
 32103 | WizLab   | Entered Doroklohe's Tomb
 32457 | WizLab   | Gained mutation: Your magical capacity is low. (-10% MP) [a
                  | neqoxec]
 32565 | WizLab   | Gained mutation: You are dopey. (Int -2) [a cacodemon]
 32569 | WizLab   | Received a gift from Okawaru
 32600 | Vaults:4 | Lost mutation: You are dopey. (Int -2) [potion of mutation]
 32600 | Vaults:4 | Lost mutation: Your magical capacity is low. (-10% MP)
                  | [potion of mutation]
 32600 | Vaults:4 | Gained mutation: Your magical capacity is low. (-10% MP)
                  | [potion of mutation]
 32600 | Vaults:4 | Gained mutation: You are clumsy. (Dex -2) [potion of
                  | mutation]
 32600 | Vaults:4 | Gained mutation: You have large cloven feet. [potion of
                  | mutation]
 32601 | Vaults:4 | Lost mutation: Your magical capacity is low. (-10% MP)
                  | [potion of mutation]
 32601 | Vaults:4 | Lost mutation: You are clumsy. (Dex -2) [potion of
                  | mutation]
 32601 | Vaults:4 | Gained mutation: You have a pair of small antennae on your
                  | head. [potion of mutation]
 32601 | Vaults:4 | Gained mutation: You are partially covered in thin metallic
                  | scales. (AC +2) [potion of mutation]
 32601 | Vaults:4 | Gained mutation: You are partially covered in slimy green
                  | scales. (AC +2) [potion of mutation]
 33000 | Vaults:4 | Received a gift from Okawaru
 33530 | Vaults:4 | Received a gift from Okawaru
 33543 | Vaults:4 | Reached skill level 24 in Stealth
 33552 | Vaults:4 | Reached skill level 15 in Short Blades
 33564 | Vaults:4 | Got a shimmering quick blade {god gift}
 33565 | Vaults:4 | Identified the +1 quick blade of Execution {drain, MR++}
                  | (Okawaru gifted it to you on level 4 of the Vaults)
 33647 | Vaults:4 | Found Ycenewk's Antique Armour Shop.
 33651 | Vaults:4 | Bought a polished cloak for 361 gold pieces
 33666 | Vaults:4 | Identified the +2 cloak of the Raven {+Fly rF++} (You
                  | bought it in a shop on level 4 of the Vaults)
 33790 | Vaults:4 | Reached XP level 20. HP: 106/106 MP: 13/42
 34325 | Snake:1  | Found Iheyguaf's Assorted Antiques.
 34340 | Snake:1  | Bought a scroll labeled XEELETAYFI for 38 gold pieces
 34875 | Snake:2  | Found a runed translucent door.
 35254 | Snake:2  | Learned a level 2 spell: Blink
 35296 | Snake:2  | Received a gift from Okawaru
 35580 | Snake:3  | Found a frozen archway.
 35603 | Snake:3  | Got a bloodstained hat
 35614 | Snake:3  | Identified the +1 hat of Nemelex Xobeh's Whim {rC+} (You
                  | acquired it on level 3 of the Snake Pit)
 35619 | Snake:3  | Got a transparent hat
 35630 | Snake:3  | Identified the +1 hat of the Iron City of Dis {rCorr MP+9}
                  | (You acquired it on level 3 of the Snake Pit)
 35657 | IceCv    | Entered an ice cave
 36307 | Snake:3  | Found a glowing golden altar of the Shining One.
 36582 | Snake:3  | Noticed Bai Suzhen
 36597 | Snake:3  | Killed Bai Suzhen
 36673 | Snake:3  | Learned a level 6 spell: Darkness
 36984 | Snake:4  | Entered Level 4 of the Snake Pit
 37195 | Snake:4  | Identified Roxanne's Guide on Transmigration
 37195 | Snake:4  | Noticed Roxanne
 37307 | Snake:4  | Killed Roxanne
 37515 | Snake:4  | Received a gift from Okawaru
 37660 | Snake:4  | Noticed Mara
 37696 | Snake:4  | Killed Mara
 37878 | Snake:4  | Received a gift from Okawaru
 37896 | Snake:4  | Reached XP level 21. HP: 112/112 MP: 35/44
 38342 | Snake:4  | Got a serpentine rune of Zot
 38735 | Snake:4  | Received a gift from Okawaru
 38790 | Snake:4  | Noticed Vashnia
 38802 | Snake:4  | Killed Vashnia
 39060 | Snake:4  | Reached skill level 1 in Translocations
 39391 | Elf:1    | Entered Level 1 of the Elven Halls
 39437 | Elf:1    | Reached skill level 25 in Stealth
 39509 | Elf:1    | Received a gift from Okawaru
 39544 | Elf:1    | Learned a level 6 spell: Deflect Missiles
 39836 | Elf:1    | Reached skill level 5 in Charms
 40044 | Elf:1    | Found Xerchikula's Assorted Antiques.
 40434 | Elf:2    | Found Neghoac's Antique Armour Boutique.
 40450 | Elf:2    | Reached skill level 15 in Dodging
 40461 | Elf:2    | Found Zocueg's Book Emporium.
 40610 | Elf:2    | Noticed Aizul
 40617 | Elf:2    | Killed Aizul
 40636 | Elf:2    | Found a runed translucent gate.
 40636 | Elf:2    | Found a runed translucent gate.
 40645 | Elf:2    | Found Xurygg's Distillery.
 40667 | Elf:2    | Noticed Azrael
 40687 | Elf:2    | Killed Azrael
 40815 | Elf:2    | Found a runed translucent gate.
 41179 | Elf:2    | Reached skill level 1 in Summonings
 41265 | Elf:2    | Noticed Saint Roka
 41345 | Elf:2    | Killed Saint Roka
 41496 | Elf:3    | Entered Level 3 of the Elven Halls
 41592 | Elf:3    | Received a gift from Okawaru
 42158 | Elf:3    | Reached XP level 22. HP: 102/118 MP: 41/45
 42329 | Elf:3    | Reached skill level 10 in Armour
 42499 | Elf:3    | Identified the +4 short sword "Lafen" {pierce, +Fly Str+3}
 42499 | Elf:3    | Identified the ring "Casufube" {Ice MR+ Int+4 Stlth+}
 42765 | Elf:3    | Received a gift from Okawaru
 42918 | Elf:3    | Identified the +1 scale mail of Pathos {rC- rN+ SInv}
 43050 | Elf:3    | Identified the +8 hand axe "Zatseo" {chop, +Blink rC+ rN+
                  | SInv}
 43156 | Elf:3    | Identified the +1 robe of Broken Taboos {rElec} (You found
                  | it on level 3 of the Elven Halls)
 43241 | Elf:3    | Identified the +7 short sword "Roeheu" {vamp, *Contam +Rage
                  | MR++ Dex+4} (You found it on level 3 of the Elven Halls)
 43535 | Crypt:1  | Entered Level 1 of the Crypt
 43570 | Crypt:1  | Noticed Frederick
 43631 | Crypt:1  | Received a gift from Okawaru
 43651 | Crypt:1  | Killed Frederick
 43911 | Crypt:1  | Identified the cursed +2 trident "Umuic" {antimagic, MR+
                  | Str+3 Int+4}
 44256 | Crypt:1  | Identified the amulet "Qaixzyav" {RegenMP Dex+4 Stlth+}
                  | (You found it on level 1 of the Crypt)
 44464 | Crypt:2  | Noticed Sojobo
 44900 | Crypt:1  | Killed Sojobo
 45035 | Crypt:2  | Received a gift from Okawaru
 45447 | Crypt:3  | Entered Level 3 of the Crypt
 45679 | Crypt:3  | Received a gift from Okawaru
 45687 | Crypt:3  | Got a distressingly furry cloak {god gift}
 45698 | Crypt:3  | Identified the +1 cloak "Poq Xauw" {rF+ Str+6 Int-5}
                  | (Okawaru gifted it to you on level 3 of the Crypt)
 45884 | Crypt:3  | Noticed Margery
 46192 | Crypt:3  | Found a staircase to the Tomb.
 46291 | Crypt:3  | Killed Margery
 46292 | Crypt:3  | Reached XP level 23. HP: 122/125 MP: 30/50
 46884 | Crypt:3  | Found a basalt altar of Yredelemnul.
 47471 | Crypt:3  | Reached skill level 15 in Fighting
 47511 | Crypt:3  | Identified the Guide on Sinister Rituals
 47518 | Crypt:3  | Learned a level 2 spell: Shroud of Golubria
 47532 | Crypt:3  | Identified the Grimoire of Warped Hexes
 47927 | Vaults:4 | Learned a level 5 spell: Summon Demon
 47933 | Vaults:4 | Learned a level 5 spell: Aura of Abjuration
 47935 | Vaults:5 | Entered Level 5 of the Vaults
 47980 | Vaults:4 | Reached skill level 5 in Summonings
 48068 | Vaults:4 | Received a gift from Okawaru
 48660 | Vaults:5 | Reached skill level 5 in Translocations
 48695 | Vaults:5 | Received a gift from Okawaru
 49132 | Vaults:5 | Identified the ring "Marud" {rF+ rN+ Int+2 Dex-5}
 49208 | Vaults:5 | Identified the +0 robe of Focus {rElec Str+2 Dex+5}
                  | (Okawaru gifted it to you on level 5 of the Vaults)
 49891 | Vaults:5 | Reached XP level 24. HP: 135/135 MP: 51/51
 50246 | Vaults:5 | Received a gift from Okawaru
 50414 | Vaults:5 | Got a silver rune of Zot
 50689 | Vaults:5 | Reached skill level 10 in Summonings
 50926 | Depths:1 | Entered Level 1 of the Depths
 51501 | Depths:1 | Found a gateway to Hell.
 52053 | Depths:2 | Received a gift from Okawaru
 52056 | Depths:2 | Identified the +2 cloak of the Several Lovers {Str+3}
                  | (Okawaru gifted it to you on level 2 of the Depths)
 53279 | Depths:3 | Identified the +0 chain mail "Kaiwn" {rF+ MR+ MP+9}
 53481 | Depths:3 | Received a gift from Okawaru
 53504 | Depths:3 | Found a basalt altar of Yredelemnul.
 53506 | Depths:3 | Found a one-way gate to the infinite horrors of the Abyss.
 53565 | Depths:3 | Found a shadowy altar of Dithmenos.
 53715 | Depths:3 | Reached XP level 25. HP: 140/140 MP: 43/51
 53820 | Depths:3 | Found an ancient bone altar of Kikubaaqudgha.
 54037 | Depths:3 | Found a snail-covered altar of Cheibriados.
 54220 | Depths:3 | Identified the +1 scale mail of Ixkem {+Fly Int-4 Dex+3}
 54221 | Depths:3 | Received a gift from Okawaru
 54365 | Depths:3 | Got a heavy robe {god gift}
 54428 | Depths:3 | Identified the +1 robe "Unucafui" {+Fly Str+4} (Okawaru
                  | gifted it to you on level 3 of the Depths)
 54693 | Depths:3 | Identified the ring of the Invisible Hand {-Tele +Fly rPois
                  | rC+++ Dex-4} (You found it on level 3 of the Depths)
 54743 | Depths:3 | Identified the +7 hand crossbow of the Boar {venom, rF-
                  | Dex+6}
 54906 | Depths:3 | Found a one-way gate leading to the halls of Pandemonium.
 54944 | Depths:4 | Reached XP level 26. HP: 135/144 MP: 51/51
 55028 | Depths:4 | Noticed Louise
 55035 | Depths:4 | Killed Louise
 55089 | Depths:4 | Noticed a juggernaut
 55123 | Depths:4 | Identified the cursed +3 falchion of Duty {distort, rElec}
 55162 | Depths:4 | Killed a juggernaut
 55270 | Depths:4 | Noticed Boris
 55340 | Depths:4 | Killed Boris
 55566 | Depths:4 | Received a gift from Okawaru
 56031 | Depths:4 | Learned a level 6 spell: Invisibility
 56145 | Depths:5 | Entered Level 5 of the Depths
 56166 | Depths:5 | Found a gateway to a ziggurat.
 56352 | Depths:5 | Found a large runed translucent door.
 56353 | Depths:5 | Found a large runed translucent door.
 56356 | Depths:5 | Noticed Homusai Esac's ghost (adept FoEn)
 56408 | Depths:5 | Killed Homusai Esac's ghost
 56411 | Depths:5 | Identified the Guide on Sinister Arts
 56483 | Depths:5 | Received a gift from Okawaru
 56495 | Depths:5 | Identified the +14 shadow dragon scales "Heett" {*Slow
                  | rElec Regen+ Stlth++++} (Okawaru gifted it to you on level
                  | 5 of the Depths)
 56704 | Depths:5 | Learned a level 2 spell: Passwall
 56893 | Depths:5 | Reached XP level 27. HP: 149/149 MP: 51/51
 57039 | Depths:5 | Reached skill level 1 in Transmutations
 57350 | Depths:5 | Found a gate to the Realm of Zot.
 57857 | Slime:1  | Entered Level 1 of the Pits of Slime
 58001 | Slime:2  | Noticed Dissolution
 58003 | Slime:2  | Killed Dissolution
 58176 | Slime:2  | Gained mutation: Your magical capacity is low. (-10% MP) [a
                  | shining eye]
 58636 | Slime:5  | Entered Level 5 of the Pits of Slime
 58783 | Slime:4  | Received a gift from Okawaru
 59234 | Slime:5  | Found a viscous altar of Jiyva.
 59234 | Slime:5  | Noticed the Royal Jelly
 59291 | Slime:5  | Killed the Royal Jelly
 59352 | Slime:5  | Gained mutation: Your spells are a little easier to cast,
                  | but a little less powerful. [a shining eye]
 59420 | Slime:5  | Got a slimy rune of Zot
 59468 | Slime:5  | Identified the Grimoire of the Dusty Glacier
 59478 | Slime:5  | Identified the Disquisition on Shifting Confrontation
 59622 | Lair:5   | Lost mutation: Your magical capacity is low. (-10% MP)
                  | [potion of mutation]
 59622 | Lair:5   | Lost mutation: You are partially covered in thin metallic
                  | scales. (AC +2) [potion of mutation]
 59622 | Lair:5   | Gained mutation: You expend magic power (3 MP) to
                  | strengthen your wands. [potion of mutation]
 59623 | Lair:5   | Lost mutation: You have a pair of small antennae on your
                  | head. [potion of mutation]
 59623 | Lair:5   | Lost mutation: You expend magic power (3 MP) to strengthen
                  | your wands. [potion of mutation]
 59623 | Lair:5   | Lost mutation: You have large cloven feet. [potion of
                  | mutation]
 59623 | Lair:5   | Lost mutation: Your spells are a little easier to cast, but
                  | a little less powerful. [potion of mutation]
 59623 | Lair:5   | Gained mutation: You possess an exceptional clarity of
                  | mind. [potion of mutation]
 59623 | Lair:5   | Gained mutation: You are agile. (Dex +2) [potion of
                  | mutation]
 59623 | Lair:5   | Gained mutation: Your magical capacity is low. (-10% MP)
                  | [potion of mutation]
 59623 | Lair:5   | Gained mutation: You have a pair of small antennae on your
                  | head. [potion of mutation]
 59932 | Depths:3 | Voluntarily entered the Abyss.
 60570 | Abyss:1  | Noticed an ancient lich
 60590 | Abyss:1  | Killed an ancient lich
 61051 | Abyss:1  | Gained mutation: You are resistant to electric shocks.
                  | (rElec) [a cacodemon]
 61087 | Abyss:1  | Found a stormy altar of Qazlal.
 61474 | Abyss:3  | Found a bloodstained altar of Trog.
 61860 | Abyss:4  | Found a corrupted altar of Lugonu.
 61887 | Abyss:4  | Got an abyssal rune of Zot
 61892 | Abyss:4  | Found a corrupted altar of Lugonu.
 62043 | Depths:3 | Escaped the Abyss
 62426 | D:6      | Bought a fine rapier for 261 gold pieces
 62426 | D:6      | Bought a fine rapier for 261 gold pieces
 62426 | D:6      | Identified the +3 rapier "Rokoseti" {flame, rC++ Str+2}
                  | (You bought it in a shop on level 6 of the Dungeon)
 62427 | D:6      | Identified the +8 rapier of the Warrior-Mage {vamp, rF++
                  | rC++ Str+4 Int+2} (You bought it in a shop on level 6 of
                  | the Dungeon)
 62658 | Vaults:2 | Bought a faintly glowing robe for 245 gold pieces
 62658 | Vaults:2 | Identified the +2 robe of Mezcal {Stlth+} (You bought it in
                  | a shop on level 2 of the Vaults)
 62954 | Snake:1  | Bought a heavy robe for 216 gold pieces
 62954 | Snake:1  | Identified the +0 robe of Insecurity {rPois rN+ MP-9 Int+2}
                  | (You bought it in a shop on level 1 of the Snake Pit)
 63334 | Pan      | Entered Pandemonium
 63466 | Pan      | Received a gift from Okawaru
 63838 | Pan      | Noticed Higgiuli the pandemonium lord
 63849 | Pan      | Killed from afar by Higgiuli the pandemonium lord

Skill      XL: |  1  2  3  4  5  6  7  8  9 10 11 12 13 14 15 16 17 18 19 20 21 22 23 24 25 26 27 |
---------------+----------------------------------------------------------------------------------+-----
Spellcasting   | 3 4 5 6 7 8 9 11 12 13 14 15 16 17 18 22 23 | 23.0
Stealth        | 5 6 7 9 10 12 14 16 17 19 20 21 22 23 24 25 | 25.6
Hexes          | 4 5 6 7 8 9 10 11 12 13 14 15 16 | 16.7
Short Blades   | 2 3 4 6 7 8 9 10 11 12 13 14 15 16 18 | 18.7
Shields        | 1 2 3 4 5 6 7 |  7.2
Ice Magic      | 1 |  1.2
Dodging        | 4 5 6 7 9 11 12 14 15 19 22 24 | 24.5
Fighting       | 1 2 4 5 6 7 8 9 10 11 12 13 14 16 18 | 18.4
Armour         | 1 3 5 6 7 8 9 10 11 12 | 12.8
Charms         | 2 3 4 6 7 |  7.9
Necromancy     | 1 2 |  2.3
Air Magic      | 2 4 |  4.9
Translocations | 1 3 6 |  6.2
Summonings     | 1 2 8 11 12 | 12.8
Invocations    | 2 |  2.2
Transmutations | 2 |  2.0
Earth Magic    | |  0.8

Action                   |  1- 3 |  4- 6 |  7- 9 | 10-12 | 13-15 | 16-18 | 19-21 | 22-24 | 25-27 || total
-------------------------+-------+-------+-------+-------+-------+-------+-------+-------+-------++-------
Melee: Dagger            |   136 |   147 |   309 |   215 |       |       |       |       |       ||   807
       Quick blade       |       |       |       |   383 |  1480 |  1076 |  2103 |  2205 |  2182 ||  9429
       Kick              |       |       |       |       |       |       |   639 |   939 |   648 ||  2226
Throw: Tomahawk          |       |       |       |       |    11 |       |       |       |       ||    11
       Throwing net      |       |       |       |       |       |       |       |     2 |       ||     2
 Cast: Corona            |    23 |    15 |     3 |       |     4 |       |       |       |       ||    45
       Ensorcelled Hiber |    11 |    33 |    63 |    66 |    73 |    38 |    11 |     3 |       ||   298
       Confuse           |       |     5 |    40 |    79 |   226 |   292 |   353 |   245 |   132 ||  1372
       Mephitic Cloud    |       |       |       |    24 |    82 |   107 |    76 |   141 |    50 ||   480
       Regeneration      |       |       |       |       |    35 |    32 |    61 |    77 |    49 ||   254
       Cause Fear        |       |       |       |       |     2 |       |       |       |       ||     2
       Dazzling Spray    |       |       |       |       |     1 |       |       |       |       ||     1
       Summon Mana Viper |       |       |       |       |       |       |    55 |    47 |       ||   102
       Darkness          |       |       |       |       |       |       |     5 |     5 |     4 ||    14
       Discord           |       |       |       |       |       |       |     5 |    17 |    18 ||    40
       Blink             |       |       |       |       |       |       |     5 |    19 |     7 ||    31
       Silence           |       |       |       |       |       |       |     1 |     2 |       ||     3
       Deflect Missiles  |       |       |       |       |       |       |       |     5 |     2 ||     7
       Summon Demon      |       |       |       |       |       |       |       |    51 |    72 ||   123
       Shroud of Golubri |       |       |       |       |       |       |       |     8 |     8 ||    16
       Aura of Abjuratio |       |       |       |       |       |       |       |     2 |     1 ||     3
       Passwall          |       |       |       |       |       |       |       |       |    24 ||    24
       Invisibility      |       |       |       |       |       |       |       |       |     1 ||     1
Invok: Heroism           |       |       |       |       |     3 |     1 |     1 |     1 |     3 ||     9
       Finesse           |       |       |       |       |       |       |       |       |     1 ||     1
 Abil: Evoke Flight      |       |       |       |       |       |       |     1 |     1 |     1 ||     3
Evoke: Wand              |       |       |       |     9 |    33 |    48 |    12 |     8 |     8 ||   118
       Sack of spiders   |       |       |       |       |       |       |     4 |     1 |       ||     5
       Box of beasts     |       |       |       |       |       |       |     3 |       |       ||     3
       Lamp of fire      |       |       |       |       |       |       |     1 |       |       ||     1
  Use: Scroll            |       |     3 |       |    12 |    14 |    13 |     7 |    13 |    13 ||    75
       Potion            |       |       |       |       |     1 |       |     4 |     1 |     5 ||    11
 Stab: Sleeping          |    22 |    24 |    43 |    49 |   112 |    58 |    72 |    60 |    49 ||   489
       Distracted        |       |     2 |     2 |     7 |     8 |     5 |    19 |    42 |    54 ||   139
       Confused          |       |     4 |    15 |    80 |   246 |   300 |   256 |   240 |   128 ||  1269
       Paralysed         |       |       |       |     2 |     1 |       |       |       |       ||     3
       Held in net/web   |       |       |       |       |       |       |       |     1 |       ||     1
  Eat: Ration            |       |     2 |     3 |     3 |     8 |     4 |    13 |    12 |    13 ||    58
Armor: Robe              |    10 |     7 |    10 |    16 |     4 |       |    53 |   104 |   104 ||   308
       Troll leather arm |       |       |       |       |    41 |       |       |       |       ||    41
       Quicksilver drago |       |       |       |       |     9 |    79 |    37 |       |       ||   125
Dodge: Dodged            |    75 |    94 |   177 |   217 |   415 |   315 |   568 |   907 |   959 ||  3727
       Deflected         |       |       |       |       |       |     6 |     3 |    35 |    18 ||    62
Block: Buckler           |       |       |       |       |   200 |   234 |   343 |   519 |   522 ||  1818
